 Dungeon Crawl Stone Soup version 0.18.1-48-g4cf74bf (webtiles) character file.

412 Inkary the Ruffian (level 6, 0/50 (53) HPs)
             Began as a Ghoul Gladiator on Sept 6, 2016.
             Was a Follower of Yredelemnul.
             Slain by Pikel
             ... wielding a +2 whip of freezing
              (5 damage)
             ... on level 6 of the Dungeon.
             The game lasted 00:04:52 (2810 turns).

Inkary the Ruffian (Ghoul Gladiator)                Turns: 2810, Time: 00:04:52

HP:   0/50 (53)     AC:  8    Str: 19      XL:     6   Next: 90%
MP:   5/5           EV: 12    Int:  2 (3)  God:    Yredelemnul [*.....]
Gold: 204           SH:  0    Dex: 10 (11) Spells: 0 memorised, 5 levels left

rFire  + . .     SeeInvis +       - Unarmed
rCold  + + .     Gourm    .     m - +0 ring mail
rNeg   + + +     Faith    .     (no shield)
rPois  ∞         Spirit   .     k - +2 helmet {SInv}
rElec  +         Dismiss  .     (no cloak)
rCorr  +         Reflect  .     (no gloves)
SustAt .         Harm     .     (no boots)
MR     .....                    (no amulet)
Stlth  ..........               (no ring)
                                e - ring of loudness (curse)

@: resistant, rotting, not resistant to hostile enchantments, extremely
unstealthy
A: rotting body, claws 1, carnivore 3, cold resistance 1, negative energy
resistance 3, slow regeneration 1, torment resistance, unbreathing
a: Animate Remains, Renounce Religion


You were on level 6 of the Dungeon.
You worshipped Yredelemnul.
Yredelemnul was aware of your devotion.
You were not hungry.

You visited 1 branch of the dungeon, and saw 6 of its levels.

You collected 204 gold pieces.

Inventory:

Missiles
 c - a throwing net (quivered)
Armour
 k - a +2 helmet of see invisible (worn)
 m - a +0 ring mail (worn)
 u - a +0 shield
Jewellery
 e - a cursed ring of loudness (left claw)
Wands
 a - a wand of digging (15/24)
 n - a wand of random effects (32/48)
Scrolls
 b - a scroll of recharging {unknown}
 f - a scroll of enchant armour
 g - a scroll of amnesia {unknown}
 j - 4 scrolls of teleportation
 l - a scroll of magic mapping {unknown}
 o - a scroll of identify {unknown}
 p - a scroll of immolation {unknown}
 r - a scroll of fog {unknown}
 w - a scroll of remove curse {unknown}
Potions
 s - a potion of cure mutation {unknown}
 v - a potion of magic {unknown}
Comestibles
 d - 3 meat rations
 h - a beef jerky


   Skills:
 + Level 4.5 Fighting
 - Level 2.7 Throwing
 + Level 4.2 Dodging
 + Level 5.3 Unarmed Combat


You had 5 spell levels left.
You didn't know any spells.

Dungeon Overview and Level Annotations

Branches:
Dungeon (6/15)
 Temple: D:4-7

Altars:
Dithmenos
Yredelemnul

Shops:
D:5 [

Annotations:
D:4 Biblin's ghost, amateur GrFE
D:6 Pikel


Innate Abilities, Weirdness & Mutations

Your body is rotting away.
You thrive on raw meat.
You are immune to poison.
You have sharp fingernails.
You are carnivorous and can eat meat at any time.
Your flesh is cold resistant.
You are immune to negative energy.
You regenerate slowly when monsters are visible.
You are immune to unholy pain and torment.
You can survive without breathing.


Message History

Pikel is severely wounded.
Pikel struggles against the net.
You scratch Pikel but do no damage.
Pikel is severely wounded.
The helpless Pikel fails to defend himself.
You scratch Pikel.
Pikel is severely wounded.
Pikel struggles against the net.
You scratch Pikel.
Pikel is almost dead.
Pikel struggles against the net.
You barely miss Pikel.
Pikel is almost dead.
Pikel struggles against the net.
The net rips apart, and Pikel comes free!
You scratch Pikel.
Pikel is almost dead.
Pikel hits you with a whip of freezing.
You die...
Yredelemnul claims you as an undead slave.

####### ### #...... #.#
#.##### #.# #.# #.# #.#
###.### #.# # ######.....#
#.# # #pK@.......# #.# #
#p###......# #.# #
#......##.....###.# #
#.........###.##.##.# #
#.........K.#........#####
............##............
.......o.p..##.##.#######.
.....?..8..p##............
.....8?.....#####.#...###.


You could see Pikel and 2 slaves.

Vanquished Creatures
  An ogre (D:4)
  2 giant frogs (D:3)
  An orc priest (D:3)
  A worker ant (D:4)
  6 adders
  2 worms
  A dart slug (D:4)
  4 giant geckos
  5 orcs
  4 ball pythons
  7 bats
  4 giant cockroaches
  11 goblins
  4 hobgoblins
  12 jackals
  A quokka (D:3)
  4 giant newts
  4 kobolds
  4 rats (D:3)
78 creatures vanquished.

Notes
Turn   | Place    | Note
--------------------------------------------------------------
     0 | D:1      | Inkary the Ghoul Gladiator began the quest for the Orb.
     0 | D:1      | Reached XP level 1. HP: 17/17 MP: 0/0
   115 | D:1      | Reached XP level 2. HP: 13/25 MP: 1/1
   677 | D:2      | Reached XP level 3. HP: 26/30 MP: 2/2
  1159 | D:2      | Found a basalt altar of Yredelemnul.
  1182 | D:2      | Became a worshipper of Yredelemnul the Dark
  1348 | D:2      | Reached XP level 4. HP: 37/37 MP: 3/3
  1666 | D:3      | Reached skill level 4 in Unarmed Combat
  1814 | D:3      | Noticed a giant frog
  1826 | D:3      | Killed a giant frog
  1826 | D:3      | Reached XP level 5. HP: 34/45 MP: 4/4
  1879 | D:3      | Found a shadowy altar of Dithmenos.
  1960 | D:3      | Reached XP level 6. HP: 24/52 MP: 5/5
  2130 | D:3      | Reached * piety under Yredelemnul
  2283 | D:3      | Reached skill level 5 in Unarmed Combat
  2641 | D:4      | Noticed Biblin's ghost (amateur GrFE)
  2655 | D:5      | Entered Level 5 of the Dungeon
  2655 | D:5      | Found Seefemuv's Armour Boutique.
  2762 | D:6      | Noticed Pikel
  2762 | D:6      | Noticed a slave
  2762 | D:6      | Noticed a slave
  2762 | D:6      | Noticed a slave
  2763 | D:6      | Noticed a slave
  2810 | D:6      | Slain by Pikel

Skill      XL: |  1  2  3  4  5  6 |
---------------+-------------------+-----
Throwing       | 2 |  2.7
Dodging        | 3 4 |  4.2
Unarmed Combat | 4 5 |  5.3
Fighting       | 3 4 |  4.5

Action                   |  1- 3 |  4- 6 || total
-------------------------+-------+-------++-------
Melee: Unarmed           |   135 |   208 ||   343
       Punch             |       |     5 ||     5
Throw: Throwing net      |       |     2 ||     2
  Use: Scroll            |       |     2 ||     2
       Potion            |       |     2 ||     2
 Stab: Held in net/web   |       |     1 ||     1
  Eat: Chunk             |     6 |    26 ||    32
Armor: Leather armour    |    32 |       ||    32
       Ring mail         |    17 |    63 ||    80
Dodge: Dodged            |    94 |   113 ||   207
